 Dungeon Crawl Stone Soup version 0.24-a0-7-g1bb0902669 (webtiles) character file.

Game seed: 9458208662035197483

84 Infinimo the Poker (level 4, -4/34 HPs)
             Began as a Merfolk Skald on Jan 31, 2019.
             Slain by a bullfrog (6 damage)
             ... on level 3 of the Dungeon.
             The game lasted 00:04:15 (2863 turns).

Infinimo the Poker (Merfolk Skald)                  Turns: 2863, Time: 00:04:16

Health: -4/34      AC:  4    Str: 16    XL:     4   Next: 46%
Magic:  5/7        EV: 13    Int: 13    God:
Gold:   135        SH:  0    Dex: 13    Spells: 7/8 levels left

rFire    . . .     SeeInvis .   a - +0 spear
rCold    . . .     Gourm    .   (no shield)
rNeg     . . .     Faith    .   t - +0 robe
rPois    +         Spirit   .   j - +1 helmet
rElec    .         Reflect  .   (no cloak)
rCorr    .         Harm     .   (no gloves)
MR       +....                  (no boots)
Stlth    +.........             (no amulet)
HPRegen  0.11/turn              e - ring of poison resistance
MPRegen  0.10/turn              l - ring of protection from magic

@: mighty, infused
A: change form in water, swift swim, stealthy swim
a: no special abilities


You were on level 3 of the Dungeon.
You were not hungry.

You visited 1 branch of the dungeon, and saw 4 of its levels.

You collected 135 gold pieces.

Inventory:

Hand Weapons
 a - a +0 spear (weapon)
Armour
 j - a +1 helmet (worn)
 t - a +0 robe (worn)
Jewellery
 e - a ring of poison resistance (left hand)
 f - an uncursed ring of resist corrosion
 l - a ring of protection from magic (right hand)
Wands
 p - a wand of iceblast (4)
Scrolls
 g - a scroll of remove curse
Potions
 m - 2 potions of curing {unknown}
 q - a potion of agility {unknown}
 r - a potion of might
Comestibles
 d - 4 rations


   Skills:
 + Level 2.9 Fighting
 * Level 4.5 Polearms
 - Level 0.7 Armour
 - Level 2.9 Dodging
 + Level 2.5 Spellcasting
 + Level 3.8 Charms


You had 7 spell levels left.
You knew the following spells:

 Your Spells              Type           Power        Failure   Level  Hunger
a - Infusion              Chrm           ##..         4%          1    #......

Your spell library contained the following spells:

 Spells                   Type           Power        Failure   Level  Hunger
 Song of Slaying          Chrm           ##......     8%          2    ###....
 Shroud of Golubria       Chrm/Tloc      #.........   17%         2    ###....
 Regeneration             Chrm/Necr      #.........   32%         3    ###....
 Spectral Weapon          Hex/Chrm       #.......     32%         3    ###....


Dungeon Overview and Level Annotations

Branches:
Dungeon (4/15)
 Temple: D:4-7

Altars:


Message History

You are too injured to fight recklessly!
You are too injured to fight recklessly!
You are too injured to fight recklessly!
You are too injured to fight recklessly!
You are too injured to fight recklessly!
You are too injured to fight recklessly!
You are too injured to fight recklessly!
You are too injured to fight recklessly!
You are too injured to fight recklessly!
You are too injured to fight recklessly!
You are too injured to fight recklessly!
You are too injured to fight recklessly!
You are too injured to fight recklessly!
You are too injured to fight recklessly!
The bullfrog is moderately wounded.
The bullfrog hits you!
* * * LOW HITPOINT WARNING * * *
You feel very mighty all of a sudden. The bullfrog hits you.
You die...

.#.#.#.#.#.#.#.#.#.#.#.# #.#..#
..#.#.#.#.#.#.#.#.#..#.# #.####
.#.#.#.#.#.#.#>#.#.#.#.# #.#
.####..#.#..#..#.###.#.#####.# .#
#..#.#..#..#.# #.#..<..#.# .#
#..#.#..#..#.###.#######.#
#####..#.#..#..#.......#.....#
.......#.#..#..#####.#.#.########
#####..#.#..#.sF@................
##.#.#..##.#######...######.#
#.#.#.....#..............#.#
#.#.#.#####.#.#.##.#####.#.#
#.#.#.# #.#.#..#.......#.#
#.#.#.#####.#.##.#..######.#
#...#............#..# #.#
#######################..# #.#
.........................# #.#


You could see a bullfrog and a scorpion.

Vanquished Creatures
  3 adders
  2 worms
  A dart slug (D:2)
  3 leopard geckos (D:2)
  3 ball pythons
  7 bats
  3 giant cockroaches
  3 hobgoblins
  3 jackals (D:2)
  A quokka (D:3)
  A ball python skeleton (D:3)
  2 frilled lizards
  6 goblins
  4 kobolds
  3 rats
45 creatures vanquished.

Notes
Turn   | Place    | Note
-------+----------+-------------------------------------------
     0 | D:1      | Infinimo the Merfolk Skald began the quest for the Orb.
     0 | D:1      | Reached XP level 1. HP: 16/16 MP: 3/3
   469 | D:1      | Reached XP level 2. HP: 18/22 MP: 5/5
   694 | D:2      | Reached XP level 3. HP: 10/28 MP: 6/6
  1456 | D:2      | Reached skill level 4 in Polearms
  1829 | D:3      | Reached XP level 4. HP: 34/34 MP: 7/7
  2840 | D:4      | Noticed a bullfrog
  2863 | D:3      | Slain by a bullfrog

Vault maps used:
D:1:      dpeg_arrival_tiny_a
D:4:      nicolae_overflow_hidden_temple, hellmonk_ghost_happy_afterlife,
          nicolae_tso_besieged_by_evil

Skill      XL: |  1  2  3 |
---------------+----------+-----
Polearms       | 4 |  4.5
Fighting       | |  2.9
Armour         | |  0.7
Dodging        | |  2.9
Spellcasting   | |  2.5
Charms         | |  3.8

Action                   |  1- 3 |  4- 6 || total
-------------------------+-------+-------++-------
Melee: Spear             |   170 |    87 ||   257
 Cast: Infusion          |     3 |     1 ||     4
  Use: Scroll            |     3 |     7 ||    10
       Potion            |       |     1 ||     1
 Stab: Sleeping          |       |     1 ||     1
  Eat: Chunk             |     3 |     3 ||     6
Armor: Leather armour    |     5 |       ||     5
       Chain mail        |    81 |    38 ||   119
       Robe              |       |     1 ||     1
Dodge: Dodged            |    44 |    16 ||    60

Table legend:
 A = Non-vault XP
 B = Vault XP
 C = Vault XP percentage of total XP
 D = Non-vault monster count
 E = Vault monster count
 F = Vault count percentage of total count
                 A         B        C        D         E       F
            +---------+---------+-------+---------+---------+-------
      Total |     121 |       0 |   0.0 |      45 |       0 |   0.0
            +---------+---------+-------+---------+---------+-------
        D:1 |      12 |       0 |   0.0 |       8 |       0 |   0.0
        D:2 |      51 |       0 |   0.0 |      19 |       0 |   0.0
        D:3 |      58 |       0 |   0.0 |      18 |       0 |   0.0
            +---------+---------+-------+---------+---------+-------
